 Dungeon Crawl Stone Soup version 0.30-a0-358-g0d69a1922f (webtiles) character file.

Game seed: 17452072280598867465

26419 jasper the Severer (level 12, -33/93 HPs)
             Began as a Demonspawn Berserker on Nov 9, 2022.
             Was an Elder of Trog.
             Annihilated by Rupert
             ... wielding a +1 battleaxe of flaming
              (50 damage)
             ... on level 13 of the Dungeon.
             The game lasted 00:40:31 (14102 turns).

jasper the Severer (Demonspawn Berserker)          Turns: 14102, Time: 00:40:32

Health: -33/93     AC: 20    Str: 19    XL:     12   Next: 98%
Magic:  12/12      EV: 14    Int:  8    God:    Trog [****..]
Gold:   284        SH:  0    Dex: 18    Spells: 11/11 levels left

rFire   . . .      SeeInvis .    Y - +0 battleaxe
rCold   . . .      Faith    .    (shield currently unavailable)
rNeg    + + .      Spirit   .    G - +0 swamp dragon scales
rPois   +          Reflect  .    e - +0 helmet "Cablao" {Harm rN++ Regen+ Dex-5}
rElec   .          Harm     +    (cloak unavailable)
rCorr   .          Rampage  .    R - +2 pair of gloves
Will    .....                    x - +0 pair of boots
Stlth   +.........               r - amulet of regeneration
HPRegen 1.95/turn                t - +6 ring of dexterity
MPRegen 0.13/turn                T - +4 ring of protection

@: invisible
A: sharp scales 1, demonic magic 3, weakness stinger 3
a: Renounce Religion, Berserk, Trog's Hand, Brothers in Arms


You were on level 13 of the Dungeon.
You worshipped Trog.
Trog was greatly pleased with you.
You visited 2 branches of the dungeon, and saw 15 of its levels.

You collected 1445 gold pieces.
You spent 1161 gold pieces at shops.

Inventory:

Hand Weapons
 H - a +2 hand axe of flaming
 X - a +5 antimagic rapier
 Y - a +0 battleaxe (weapon)
Missiles
 d - 137 stones
 g - 34 poisoned darts (quivered)
 p - 6 silver boomerangs
 M - 3 throwing nets
 N - 7 curare-tipped darts
 O - 2 boomerangs of dispersal
Armour
 a - the +0 helmet "Bubu" {+Inv rCorr Str+3}
   (You bought it in a shop on level 2 of the Orcish Mines)

   Str:       It affects your strength (+3).
   +Inv:      It lets you turn invisible.
   rCorr:     It protects you from acid and corrosion.
 e - the +0 helmet "Cablao" (worn) {Harm rN++ Regen+ Dex-5}
   (You found it on level 4 of the Dungeon)

   Dex:       It affects your dexterity (-5).
   rN:        It greatly protects you from negative energy.
   Regen:     It increases your rate of health regeneration.
   Harm:      It increases damage dealt and taken.
 i - the +1 scale mail of the Ferocious Dragon {Dex+4}
   (You bought it in a shop on level 2 of the Orcish Mines)

   Dex:       It affects your dexterity (+4).
 x - a +0 pair of boots (worn)
 G - +0 swamp dragon scales (worn)
 R - a +2 pair of gloves (worn)
Jewellery
 l - a ring of fire
 m - an amulet of the acrobat
 r - an amulet of regeneration (around neck)
 t - a +6 ring of dexterity (left hand)
 w - an amulet of faith
 T - a +4 ring of protection (right hand)
 V - the amulet of Zabu {Spirit rPois rC+ Dex+3}
   (You found it on level 9 of the Dungeon)

   [amulet of guardian spirit]

   It causes incoming damage to be divided between your reserves of health and
   magic.
   Dex:       It affects your dexterity (+3).
   rC:        It protects you from cold.
   rPois:     It protects you from poison.
 Z - a +6 ring of dexterity
Wands
 y - a wand of paralysis (9)
 F - a wand of flame (14)
 L - a wand of iceblast (3)
Scrolls
 c - a scroll of poison
 o - a scroll of fear
 s - 5 scrolls of immolation
 A - 4 scrolls of fog
 B - 2 scrolls of enchant weapon
 E - 4 scrolls of summoning
 I - 4 scrolls of amnesia
 J - a scroll of vulnerability
 K - 6 scrolls of teleportation
 S - a scroll of enchant armour
 U - a scroll of identify
Potions
 f - 2 potions of lignification
 h - 6 potions of haste
 j - 3 potions of brilliance
 k - 5 potions of curing
 n - 2 potions of invisibility
 q - 3 potions of ambrosia
 u - a potion of flight
 v - 2 potions of attraction
 z - 2 potions of degeneration
 C - a potion of cancellation
 D - 3 potions of might
 P - 3 potions of mutation
 W - a potion of heal wounds
Miscellaneous
 b - a phantom mirror (inert)


   Skills:
 - Level 8.2 Fighting
 + Level 15.5 Axes
 - Level 7.1 Armour
 - Level 6.8 Dodging
 - Level 6.6 Evocations


You had 11 spell levels left.
You didn't know any spells.
Your spell library was empty.

Dungeon Overview and Level Annotations

Branches:
Dungeon (13/15)            Temple (0/1) D:6             Orc (2/2) D:9
    Elf (0/3) Orc:2
   Lair: D:8-11      Vaults: D:13-14

Altars:
Ashenzari
Fedhas
Gozag
Nemelex Xobeh
Okawaru
Trog
Vehumet
Wu Jian
Yredelemnul

Shops:
D:11 ?   Orc:1 !   Orc:2 **[?

Annotations:
D:9 3 runed translucent doors, Iich's ghost, journeyman MiBe
D:13 Rupert


Innate Abilities, Weirdness & Mutations

You are partially covered in razor-sharp scales. (AC +1, Slay +1)
Spells you cast and wands you use may paralyse nearby enemies.
You have a sharp stinger which inflicts weakening toxins.


Message History

Aim: Rupert, wielding a +1 battleaxe of flaming and wearing a +2 leather armour of fire resistance (moderately wounded, berserk, unaware, hasn't noticed you, chance to affect: 7%)
Okay, then.
You can't see any enemies this would affect, really read the scroll of fear?
Okay, then.
Your deep troll goes berserk!
Rupert closely misses you.
You regained 2 hp, and now have 57/93 hp.
Rupert hits you with a +1 battleaxe of flaming!!
Rupert burns you.
You take 23 damage, and have 34/93 hp.
MASSIVE DAMAGE!!
Your deep troll bites Rupert!!
Your deep troll claws Rupert!! x2
Rupert hits your deep troll with a +1 battleaxe of flaming!!!
Rupert burns your deep troll!
Rupert hits you with a +1 battleaxe of flaming!!
* * * LOW HITPOINT WARNING * * *
Rupert burns you.
* * * LOW HITPOINT WARNING * * *
Your deep troll closely misses Rupert.
Your deep troll claws Rupert.
Your deep troll closely misses Rupert.
You take 29 damage, and have 5/93 hp.
MASSIVE DAMAGE!!
Rupert hits your deep troll with a +1 battleaxe of flaming!!
Rupert burns your deep troll.
Your deep troll bites Rupert!
Your deep troll claws Rupert! x2
You regained 2 hp, and now have 7/93 hp.
Rupert hits your deep troll with a +1 battleaxe of flaming!!
Rupert burns your deep troll.
Your deep troll dies!
Your deep troll's corpse disappears in a puff of smoke!
You regained 2 hp, and now have 9/93 hp.
Okay, then.
You fade into invisibility!
You regained 2 hp, and now have 11/93 hp.
Rupert rages.
Rupert hits you but does no damage.
You regained 2 hp, and now have 13/93 hp.
You regained 2 hp, and now have 15/93 hp.
Found a stone staircase leading up.
Rupert hits you with a +1 battleaxe of flaming!!!
Ouch! That really hurt!
You die...

......##...#.#.#.#.......# #.
#.###.#.#.#.......# #.
#)#<#.....#.......####.
#.#.###.###..........#. #.# #.#
..#.# ##......##... #.# #.#
#.#.#.........##... #.#
#.###'#.#.#.......##... #.#
#.......# #.......##...
#.#######.....@.# #.......##...
#.#...........@.#.#.......##...
#.#.######.....<#.#.########.#.
##'#.......##......# ...#.
#.>.##...#)##....###### ######.
#...................... .......
#...#..#.#.##...####### #######
#...#....#.#........... #####
##'###.###.#.####....## #....


You could see Rupert (berserk, unable to see you).

Vanquished Creatures
  A hydra (D:12)
  A centaur warrior (D:13)
  Erica (D:9)
  A boulder beetle (D:13)
  4 two-headed ogres
  4 orc high priests
  4 skeletal warriors (D:12)
  Amaemon (D:8)
  A deep troll (D:11)
  Pikel (D:7)
  An ugly thing (D:11)
  3 deep elf pyromancers (D:13)
  2 manticores
  An orc sorcerer (Orc:2)
  An orange demon (D:8)
  Maurice (D:8)
  2 gargoyles
  Maggie (D:7)
  An efreet (D:13)
  A komodo dragon (D:11)
  An unseen horror (D:10)
  An unseen horror zombie (D:9)
  A kobold demonologist (D:10)
  2 trolls (D:13)
  A vampire (D:12)
  2 wraiths
  A shadow (D:12)
  5 yaks (D:6)
  6 vampire mosquitoes
  Grum (D:9)
  A warg (Orc:1)
  5 water moccasins
  Duvessa (D:7)
  A black bear (D:7)
  18 orc warriors
  An ice beast (D:6)
  3 ogres
  A sky beast (D:6)
  3 wolves (D:9)
  2 centaurs
  A lemure (D:7)
  3 phantoms (D:6)
  3 kobold brigands
  2 necrophages
  2 gnoll sergeants (D:8)
  2 bullfrogs
  7 wights
  5 scorpions
  Dowan (D:7)
  6 killer bees (D:10)
  2 howler monkeys (D:10)
  2 jellies
  20 orc priests
  2 hounds
  A gnoll bouda (D:10)
  7 iguanas
  22 orc wizards
  A howler monkey zombie (D:9)
  18 gnolls
  10 adders
  2 shadow imps (D:6)
  2 white imps
  2 ufetubi (D:5)
  2 worms (D:2)
  2 dart slugs
  85 orcs
  5 ball pythons
  4 endoplasms
  7 giant cockroaches
  7 goblins
  9 hobgoblins
  2 jackals (D:1)
  4 quokkas
  9 bats
  23 kobolds
  2 rats (D:2)
374 creatures vanquished.

Vanquished Creatures (collateral kills)
  A wraith (D:13)
  A shadow (D:13)
  A basilisk (D:13)
3 creatures vanquished.

Grand Total: 377 creatures vanquished

Notes
Turn   | Place    | Note
-------+----------+-------------------------------------------
     0 | D:1      | jasper the Demonspawn Berserker began the quest for the
                  | Orb.
     0 | D:1      | Reached XP level 1. HP: 18/18 MP: 1/1
   110 | D:1      | Reached skill level 3 in Axes
   294 | D:1      | Gained mutation: You have a small tail. [demonic ancestry]
   294 | D:1      | Reached XP level 2. HP: 22/24 MP: 2/2
   949 | D:2      | Reached ** piety under Trog
   968 | D:2      | Gained mutation: You have a tail ending in a sharp stinger.
                  | [demonic ancestry]
   968 | D:2      | Reached XP level 3. HP: 26/28 MP: 3/3
  1107 | D:2      | Reached skill level 4 in Axes
  1658 | D:3      | Reached XP level 4. HP: 35/35 MP: 4/4
  1665 | D:3      | Found an opulent altar of Gozag.
  1897 | D:3      | Reached skill level 5 in Axes
  1953 | D:3      | Found an opulent altar of Gozag.
  1960 | D:3      | Found an opulent altar of Gozag.
  1968 | D:3      | Found an opulent altar of Gozag.
  2570 | D:3      | Gained mutation: Spells you cast may paralyse adjacent
                  | enemies. [demonic ancestry]
  2570 | D:3      | Reached XP level 5. HP: 41/41 MP: 5/5
  2691 | D:4      | Identified the +0 helmet "Cablao" {Harm rN++ Regen+ Dex-5}
  2921 | D:4      | Reached XP level 6. HP: 47/47 MP: 6/6
  3213 | D:4      | Reached *** piety under Trog
  3465 | D:5      | Entered Level 5 of the Dungeon
  3547 | D:5      | Reached skill level 5 in Dodging
  3651 | D:5      | Gained mutation: Spells you cast may paralyse nearby
                  | enemies. [demonic ancestry]
  3651 | D:5      | Reached XP level 7. HP: 52/52 MP: 7/7
  4197 | D:6      | Found a staircase to the Ecumenical Temple.
  4456 | D:6      | Reached skill level 6 in Axes
  4456 | D:6      | Reached XP level 8. HP: 58/58 MP: 8/8
  4494 | D:6      | Reached skill level 7 in Axes
  4501 | D:6      | Reached skill level 8 in Axes
  4590 | D:6      | Reached skill level 9 in Axes
  4590 | D:6      | Gained mutation: You have a sharp stinger which inflicts
                  | weakening toxins. [demonic ancestry]
  4590 | D:6      | Reached XP level 9. HP: 62/63 MP: 9/9
  4897 | D:6      | Found a bloodstained altar of Trog.
  5176 | D:7      | Noticed Maggie
  5177 | D:7      | Noticed Pikel
  5194 | D:7      | Killed Pikel
  5195 | D:7      | Reached skill level 10 in Axes
  5203 | D:7      | Killed Maggie
  5281 | D:7      | Reached skill level 11 in Axes
  5554 | D:7      | Noticed Dowan
  5555 | D:7      | Noticed Duvessa
  5570 | D:7      | Killed Duvessa
  5579 | D:7      | Killed Dowan
  5982 | D:8      | Noticed Maurice
  5992 | D:8      | Killed Maurice
  5993 | D:8      | Gained mutation: You are partially covered in razor-sharp
                  | scales. (AC +1, Slay +1) [demonic ancestry]
  5993 | D:8      | Reached XP level 10. HP: 70/70 MP: 10/10
  6007 | D:8      | Reached skill level 12 in Axes
  6164 | D:8      | Noticed an orange demon
  6165 | D:8      | Noticed Amaemon
  6182 | D:8      | Killed an orange demon
  6187 | D:8      | Killed Amaemon
  6203 | D:8      | Reached skill level 13 in Axes
  6334 | D:8      | Reached **** piety under Trog
  6702 | D:8      | Found a blossoming altar of Fedhas.
  6923 | D:9      | Found a sparkling altar of Nemelex Xobeh.
  6991 | D:9      | Identified the amulet of Zabu {Spirit rPois rC+ Dex+3}
  7062 | D:9      | Found a staircase to the Orcish Mines.
  7166 | D:9      | Reached ***** piety under Trog
  7238 | D:9      | Noticed a green ugly thing
  7238 | D:9      | Noticed a brown ugly thing
  7245 | D:9      | Noticed a two-headed ogre
  7252 | D:9      | Killed a two-headed ogre
  7479 | D:9      | Reached skill level 5 in Fighting
  7486 | D:9      | Noticed a two-headed ogre
  7499 | D:9      | Killed a two-headed ogre
  7585 | D:9      | Gained mutation: Spells you cast and wands you use may
                  | paralyse nearby enemies. [demonic ancestry]
  7585 | D:9      | Reached XP level 11. HP: 80/80 MP: 11/11
  7605 | D:9      | Found an iron altar of Okawaru.
  7727 | D:9      | Noticed Erica
  7732 | D:9      | Noticed Grum
  7758 | D:9      | Killed Erica
  7759 | D:9      | Reached skill level 5 in Armour
  7780 | D:9      | Killed Grum
  7865 | D:9      | Found a radiant altar of Vehumet.
  7866 | D:9      | Found a broken altar of Ashenzari.
  7929 | D:9      | Noticed Iich's ghost (journeyman MiBe)
  7930 | D:9      | Found a runed translucent gate.
  7930 | D:9      | Found a runed translucent gate.
  7930 | D:9      | Found a runed translucent gate.
  7932 | D:9      | Found a basalt altar of Yredelemnul.
  8231 | D:10     | Entered Level 10 of the Dungeon
  8251 | D:10     | Found an ornate altar of the Wu Jian Council.
  8532 | D:10     | Received a gift from Trog
  9041 | D:11     | Found Xemeucut's Magic Scroll Boutique.
  9044 | D:11     | Bought a scroll of blinking for 105 gold pieces
  9044 | D:11     | Bought a scroll of identify for 28 gold pieces
  9044 | D:11     | Bought a scroll of identify for 28 gold pieces
  9044 | D:11     | Bought a scroll of teleportation for 42 gold pieces
  9044 | D:11     | Bought a scroll of summoning for 133 gold pieces
  9044 | D:11     | Bought a scroll of fog for 56 gold pieces
  9044 | D:11     | Bought a scroll of immolation for 56 gold pieces
  9245 | D:11     | Noticed a purple ugly thing
  9255 | D:11     | Killed a purple ugly thing
  9256 | D:11     | Noticed a deep troll
  9314 | Orc:1    | Entered Level 1 of the Orcish Mines
  9782 | Orc:2    | Entered Level 2 of the Orcish Mines
  9947 | Orc:1    | Found Qestraerch's Distillery.
  9955 | Orc:1    | Bought a potion of haste for 150 gold pieces
 10219 | Orc:1    | Noticed a two-headed ogre
 10226 | Orc:1    | Killed a two-headed ogre
 10499 | Orc:2    | Noticed an orc high priest
 10499 | Orc:2    | Noticed an orc high priest
 10506 | Orc:2    | Killed an orc high priest
 10511 | Orc:2    | Noticed an orc high priest
 10513 | Orc:2    | Noticed a sun demon
 10517 | Orc:2    | HP: 4/86 [orc priest/divine providence (13)]
 10517 | Orc:2    | Noticed an orc high priest
 10608 | Orc:1    | Killed an orc high priest
 10683 | Orc:1    | Killed an orc high priest
 10689 | Orc:1    | Killed an orc high priest
 10690 | Orc:1    | Reached skill level 5 in Evocations
 10690 | Orc:1    | Reached XP level 12. HP: 93/93 MP: 12/12
 11028 | Orc:2    | Found Peuschas's General Store.
 11028 | Orc:2    | Found Wedycv Woeto's Magic Scroll Boutique.
 11029 | Orc:2    | Found Umnaash's Antique Armour Boutique.
 11034 | Orc:2    | Found Hipes's Assorted Antiques.
 11042 | Orc:2    | Bought a smoking helmet for 247 gold pieces
 11042 | Orc:2    | Identified the +0 helmet "Bubu" {+Inv rCorr Str+3} (You
                  | bought it in a shop on level 2 of the Orcish Mines)
 11042 | Orc:2    | Bought a masterwork scale mail for 234 gold pieces
 11042 | Orc:2    | Identified the +1 scale mail of the Ferocious Dragon
                  | {Dex+4} (You bought it in a shop on level 2 of the Orcish
                  | Mines)
 11068 | Orc:2    | Bought a scroll of blinking for 82 gold pieces
 11251 | Orc:2    | Found a staircase to the Elven Halls.
 12328 | D:12     | Reached skill level 14 in Axes
 12820 | D:12     | Noticed a seven-headed hydra
 12828 | D:12     | Killed a three-headed hydra
 13007 | D:12     | Noticed a two-headed ogre
 13018 | D:12     | Killed a two-headed ogre
 13219 | D:13     | Noticed a centaur warrior
 13231 | D:13     | Killed a centaur warrior
 13467 | D:13     | Reached skill level 15 in Axes
 13694 | D:13     | Noticed a boulder beetle
 13713 | D:13     | Killed a boulder beetle
 14085 | D:13     | Noticed Rupert
 14102 | D:13     | Annihilated by Rupert

Illustrated notes

Levels and vault maps discovered:
D:1:      wander_arrival_desolate, layout_loops_ring
D:2:      layout_rooms, minmay_mini_jars
D:3:      layout_loops_corners, nicolae_gozag_conspicuous_consumption,
          serial_park_tiny_1
D:4:      layout_basic, serial_curves, eino_curves_02, eino_curves_04,
          dreamdust_mushroom_princess, nicolae_kite_square_tiling_tiny,
          hangedman_abyss_or_decor_passed
D:5:      minmay_bubble_buster, layout_basic
D:6:      layout_gridville, trog_butcher_becter,
          minmay_temple_entry_butterflies, st_stairs_3
D:7:      layout_loops_cross, uniq_pikel, uniq_duvessa, uniq_maggie
D:8:      layout_basic, overflow_temple_1_default, uniq_maurice, uniq_amaemon
D:9:      layout_cave_pods, okawaru_altar_gauntlet_db,
          nicolae_yredelemnul_ghost_church, general_overflow_altar,
          gammafunk_temple_overflow_claw, david_orc_2, abandoned_shop,
          lightli_corner_chamber, uniq_erica, uniq_grum
D:10:     layout_loops_ring, mainiacjoe_overflow_concentric_impassable,
          minivault_22
D:11:     minmay_complete_graph, layout_irregular_city, kennysheep_nub,
          nicolae_stop_n_shop_1
D:12:     layout_gridville
D:13:     layout_basic, uniq_rupert
Orc:1:    layout_diamond_mine, serial_shops, nicolae_shop_hallway_stairs
Orc:2:    st_orc_mages, layout_caves, mines2_david

Skill      XL: |  1  2  3  4  5  6  7  8  9 10 11 12 |
---------------+-------------------------------------+-----
Axes           | 3 4 5 6 9 11 13 15 | 15.5
Dodging        | 2 3 5 6 |  6.8
Armour         | 4 7 |  7.1
Fighting       | 5 8 |  8.2
Evocations     | 5 6 |  6.6

Action                   |  1- 3 |  4- 6 |  7- 9 | 10-12 || total
-------------------------+-------+-------+-------+-------++-------
Melee: Hand axe          |   149 |    11 |       |     6 ||   166
       Punch             |     2 |     1 |     5 |     9 ||    17
       Tailslap          |     7 |    11 |    31 |   123 ||   172
       War axe           |       |    99 |   235 |   486 ||   820
       Battleaxe         |       |       |       |   214 ||   214
Throw: Stone             |    21 |       |       |     1 ||    22
       Dart              |     3 |       |       |    10 ||    13
Invok: Berserk           |     2 |     4 |     9 |     9 ||    24
       Trog's Hand       |       |     1 |     7 |     6 ||    14
       Brothers in Arms  |       |       |       |     3 ||     3
Evoke: Wand              |       |       |    11 |    10 ||    21
       Phantom mirror    |       |       |       |     1 ||     1
  Use: Scroll            |     4 |     9 |     5 |    11 ||    29
       Potion            |       |       |       |     3 ||     3
 Stab: Paralysed         |       |       |    13 |     1 ||    14
Armor: Chain mail        |   100 |    47 |    64 |       ||   211
       Animal skin       |     1 |       |       |       ||     1
       Swamp dragon scal |       |       |    14 |   354 ||   368
       Skin              |       |       |       |     5 ||     5
Dodge: Dodged            |    85 |    55 |   134 |   567 ||   841

Table legend: (Time is in decaauts)
 A = Elapsed time spent in this place.
 B = Non-inter-level travel time spent in this place.
 C = Inter-level travel time spent in this place.
 D = Time resting spent in this place.
 E = Time spent auto-exploring this place.
 F = Levels seen in this place.
 G = Mean time per level.
                   A        B        C        D        E       F      G
               +--------+--------+--------+--------+--------+-----+--------+
         Total |  14333 |  13743 |    590 |   2280 |   8235 |  15 |  955.5 |
       Dungeon |  12050 |  11588 |    462 |   1566 |   7309 |  13 |  926.9 |
  Orcish Mines |   2283 |   2155 |    128 |    713 |    926 |   2 | 1141.5 |
               +--------+--------+--------+--------+--------+-----+--------+

Top non-repeatable levels by time:
     D:9: 1435 daAuts
    D:12: 1226 daAuts
   Orc:1: 1225 daAuts
     D:3: 1109 daAuts
     D:6: 1073 daAuts
   Orc:2: 1057 daAuts
    D:13: 1021 daAuts
    D:10: 907 daAuts
     D:1: 884 daAuts
     D:8: 852 daAuts
     D:4: 808 daAuts
     D:7: 790 daAuts
     D:2: 748 daAuts
     D:5: 744 daAuts
    D:11: 448 daAuts
